 Dungeon Crawl Stone Soup version 0.19.4-10-g532645f (webtiles) character file.

235 empire the Cudgeler (level 5, -2/41 HPs)
             Began as a Mummy Fighter on Feb 23, 2017.
             Slain by an orc
             ... wielding a +0 flail
              (6 damage)
             ... on level 4 of the Dungeon.
             The game lasted 00:05:35 (2570 turns).

empire the Cudgeler (Mummy Fighter)                 Turns: 2570, Time: 00:05:36

Health: -2/41      AC: 13    Str: 21    XL:     5   Next: 76%
Magic:  5/5        EV:  5    Int:  7    God:
Gold:   199        SH: 11    Dex: 11    Spells: 0 memorised, 4 levels left

rFire  . . .     SeeInvis .     a - +0 flail
rCold  . . .     Gourm    .     k - +0 chain mail
rNeg   + + +     Faith    .     l - +2 shield
rPois  ∞         Spirit   .     (no helmet)
rElec  .         Reflect  .     c - +1 cloak {MR+}
rCorr  .         Harm     .     e - +0 pair of gloves
MR     ++...                    h - +0 pair of boots
Stlth  ..........               (no amulet)
                                n - ring of protection from magic
                                j - ring of fire

@: no status effects
A: no food or potions, fire vulnerability, cold resistance 1, negative energy
resistance 3, torment resistance, unbreathing
a: no special abilities


You were on level 4 of the Dungeon.
You were not hungry.

You visited 1 branch of the dungeon, and saw 4 of its levels.

You collected 199 gold pieces.

Inventory:

Hand Weapons
 a - a +0 flail (weapon)
 d - a +3 quarterstaff of chaos
Armour
 c - a +1 cloak of magic resistance (worn)
 e - a +0 pair of gloves (worn)
 h - a +0 pair of boots (worn)
 k - a +0 chain mail (worn)
 l - a +2 shield (worn)
Jewellery
 j - a ring of fire (left hand)
 n - a ring of protection from magic (right hand)
Scrolls
 f - 2 scrolls of immolation
 g - a scroll of enchant armour
 o - a scroll of magic mapping {unknown}
Books
 b - a book of Minor Magic

   Spells                             Type                      Level
   a - Magic Dart                     Conjuration                  1
   b - Blink                          Translocation                2
   c - Call Imp                       Summoning                    2
   d - Repel Missiles                 Charms/Air                   2
   e - Slow                           Hexes                        2
   f - Conjure Flame                  Conjuration/Fire             3
   g - Mephitic Cloud                 Conjuration/Poison/Air       3


   Skills:
 - Level 3.0 Fighting
 + Level 4.3 Maces & Flails
 + Level 3.5 Armour
 - Level 2.4 Shields


You had 4 spell levels left.
You didn't know any spells.

Dungeon Overview and Level Annotations

Branches:
Dungeon (4/15)
 Temple: D:4-7

Altars:
Kikubaaqudgha
Trog


Innate Abilities, Weirdness & Mutations

You do not eat or drink.
Your flesh is vulnerable to fire.
You are immune to poison.
Your flesh is cold resistant. (rC+)
You are immune to negative energy. (rN+++)
You are immune to unholy pain and torment.
You can survive without breathing.


Message History

The ogre is lightly wounded.
The ogre hits you with a giant spiked club!
You sock the ogre!
The ogre is heavily wounded.
You block the ooze's attack.
The ogre hits you with a giant spiked club!
* * * LOW HITPOINT WARNING * * *
The ooze hits you but does no damage.
You hit the ogre but do no damage.
The ogre is heavily wounded.
The ooze hits you but does no damage.
The ogre hits you with a giant spiked club!
* * * LOW HITPOINT WARNING * * *
As you read the scroll of teleportation, it crumbles to dust.
You feel strangely unstable. The ooze hits you but does no damage.
Your surroundings suddenly seem different.
An orc comes into view. It is wielding a flail.
You see here 24 stones.
The orc hits you with a flail.
You die...

##.. #.......#...# +#
#.......#..<# ..
+.......#...#...
#......###'##...
#......#........
#......#........
#......'........ #
+.......#.o...... #
#########@....... #
#.......(........
########........#####...
................# ..
................# .
................#
.......>........#
................#
...............<#


You could see an orc.

Vanquished Creatures
  A scorpion (D:4)
  Crazy Yiuf (D:3)
  A hound (D:4)
  7 adders
  3 worms
  A dart slug (D:3)
  3 leopard geckos
  An orc (D:3)
  A ball python (D:3)
  A bat zombie (D:2)
  2 giant cockroaches
  5 goblins
  A hobgoblin (D:3)
  7 jackals (D:2)
  2 quokkas
  6 bats
  4 frilled lizards
  4 kobolds (D:2)
  A leopard gecko skeleton (D:4)
  3 rats
  2 rat zombies (D:2)
57 creatures vanquished.

Notes
Turn   | Place    | Note
-------+----------+-------------------------------------------
     0 | D:1      | empire the Mummy Fighter began the quest for the Orb.
     0 | D:1      | Reached XP level 1. HP: 18/18 MP: 1/1
   182 | D:1      | Reached skill level 2 in Maces & Flails
   400 | D:1      | Reached XP level 2. HP: 24/24 MP: 2/2
   882 | D:2      | Reached XP level 3. HP: 29/29 MP: 3/3
   912 | D:2      | Reached skill level 3 in Maces & Flails
  1238 | D:2      | Found an ancient bone altar of Kikubaaqudgha.
  1341 | D:2      | Reached XP level 4. HP: 21/35 MP: 4/4
  1448 | D:2      | Found a faded altar of an unknown god.
  1448 | D:2      | Found a faded altar of an unknown god.
  1454 | D:2      | Found a faded altar of an unknown god.
  1456 | D:2      | Found a faded altar of an unknown god.
  1457 | D:2      | Found a bloodstained altar of Trog.
  1988 | D:3      | Found a runed door.
  1992 | D:3      | Noticed Crazy Yiuf
  2003 | D:3      | Killed Crazy Yiuf
  2227 | D:4      | Reached XP level 5. HP: 39/41 MP: 5/5
  2250 | D:4      | Reached skill level 4 in Maces & Flails
  2550 | D:4      | Noticed an ogre
  2558 | D:4      | HP: 2/41 [ogre/giant spiked club (8)]
  2570 | D:4      | Slain by an orc

Skill      XL: |  1  2  3  4  5 |
---------------+----------------+-----
Maces & Flails | 2 3 4 |  4.3
Armour         | 3 |  3.5
Fighting       | |  3.0
Shields        | |  2.4

Action                   |  1- 3 |  4- 6 || total
-------------------------+-------+-------++-------
Melee: Flail             |   146 |   141 ||   287
  Use: Scroll            |     3 |     4 ||     7
Armor: Scale mail        |    90 |       ||    90
       Chain mail        |    24 |    91 ||   115
Dodge: Dodged            |    47 |    29 ||    76
Block: Shield            |    80 |    90 ||   170
